 Dungeon Crawl Stone Soup version 0.26.1-11-gd32895ea62 (webtiles) character file.

Game seed: 15466304942913402861

52 Almogavar the Bolt Thrower (level 3, 0/31 HPs)
             Began as a Gnoll Wanderer on May 2, 2021.
             Succumbed to an adder's poison
             ... on level 2 of the Dungeon.
             The game lasted 00:05:58 (1844 turns).

Almogavar the Bolt Thrower (Gnoll Wanderer)         Turns: 1844, Time: 00:05:58

Health: 0/31       AC: 11    Str: 14    XL:     3   Next: 85%
Magic:  7/7        EV: 10    Int: 19    God:
Gold:   117        SH:  0    Dex: 16    Spells: 6/7 levels left

rFire    . . .     SeeInvis .   h - +0 hand axe (elec)
rCold    . . .     Faith    .   (no shield)
rNeg     . . .     Spirit   .   f - +0 ring mail
rPois    .         Reflect  .   b - +0 helmet
rElec    .         Harm     .   (no cloak)
rCorr    .         Rampage  .   (no gloves)
Will     .....                  g - +0 pair of boots
Stlth    +.........             (no amulet)
HPRegen  0.10/turn              i - +6 ring of intelligence
MPRegen  0.10/turn              j - +4 ring of protection

@: lethally poisoned (0 -> -3)
A: distributed training, fangs 1, strong nose
a: no special abilities


You were on level 2 of the Dungeon.
You visited 1 branch of the dungeon, and saw 2 of its levels.

You collected 117 gold pieces.

Inventory:

Hand Weapons
 h - a +0 hand axe of electrocution (weapon)
Armour
 b - a +0 helmet (worn)
 f - a +0 ring mail (worn)
 g - a +0 pair of boots (worn)
Jewellery
 i - a +6 ring of intelligence (left hand)
 j - a +4 ring of protection (right hand)
Wands
 e - a wand of paralysis (14)
Scrolls
 c - a scroll of teleportation
Potions
 k - a potion of flight


   Skills:
 + Level 4.6 Fighting
 + Level 1.0 Short Blades
 + Level 1.0 Long Blades
 + Level 1.0 Axes
 + Level 1.0 Maces & Flails
 + Level 1.0 Polearms
 + Level 1.0 Staves
 + Level 1.0 Slings
 + Level 1.0 Bows
 + Level 6.5 Crossbows
 + Level 1.0 Throwing
 + Level 1.0 Armour
 + Level 1.0 Dodging
 + Level 1.0 Stealth
 + Level 1.0 Shields
 + Level 1.0 Unarmed Combat
 + Level 2.9 Spellcasting
 + Level 0.7 Conjurations
 + Level 0.7 Hexes
 + Level 0.7 Summonings
 + Level 0.7 Necromancy
 + Level 0.7 Translocations
 + Level 0.7 Transmutations
 + Level 0.7 Fire Magic
 + Level 0.7 Ice Magic
 + Level 0.7 Air Magic
 + Level 3.8 Earth Magic
 + Level 0.7 Poison Magic
 + Level 1.0 Invocations
 + Level 4.6 Evocations


You had 6 spell levels left.
You knew the following spells:

 Your Spells              Type           Power        Failure   Level
a - Sandblast             Erth           34%          7%          1

Your spell library contained the following spells:

 Spells                   Type           Power        Failure   Level
 Stone Arrow              Conj/Erth      22%          36%         3


Dungeon Overview and Level Annotations

Branches:
Dungeon (2/15)

Altars:

Annotations:
D:2 Robin


Innate Abilities, Weirdness & Mutations

Your experience applies equally to all skills.
You have very sharp teeth.
Your uncanny sense of smell can sniff out nearby items.


Message History

Items here: ( ))))) [ ††.
You feel sick.
A goblin comes into view.
Robin throws the goblin at you! The goblin hits you.
* * * LOW HITPOINT WARNING * * *
You hit the goblin.
The goblin is heavily wounded.
You hit the adder.
* * * LOW HITPOINT WARNING * * *
You feel sick. The adder completely misses you.
The goblin hits you but does no damage. The adder bites you but does no damage.
Okay, then.
As you read the scroll of fog, it crumbles to dust.
The scroll dissolves into smoke.
The goblin hits you but does no damage. The adder closely misses you.
The adder bites you.
* * * LOW HITPOINT WARNING * * *
The goblin hits you but does no damage. The adder barely misses you.
You die... ≈≈≈≈≈.≈ ..≈.... ..≈.≈≈. ∆ ....... gl.....

∆ ####gg.#
#Sg†.# ###S####
∆ #§g@#
#########
###§### ∆∆
#.......####...#
#......†.....###
#......<.#####
#.......##
#########


You could see 2 adders, a hobgoblin (strong) and a goblin (strong).

Vanquished Creatures
  2 dart slugs (D:1)
  9 bats (D:1)
  4 giant cockroaches (D:1)
  9 goblins
  4 hobgoblins (D:1)
  3 jackals (D:2)
  2 frilled lizards (D:1)
  3 kobolds
  7 rats
43 creatures vanquished.

Vanquished Creatures (others)
  A fungus (D:1)
  5 toadstools (D:1)
6 creatures vanquished.

Grand Total: 49 creatures vanquished

Notes
Turn   | Place    | Note
-------+----------+-------------------------------------------
     0 | D:1      | Almogavar the Gnoll Wanderer began the quest for the Orb.
     0 | D:1      | Almogavar set off with the following items: a +0 dagger, a
                  | scroll of teleportation, a +0 robe, a wand of paralysis
                  | (15); and the following spell memorised: Sandblast; and the
                  | following spells available to memorise: Stone Arrow
     0 | D:1      | Reached XP level 1. HP: 20/20 MP: 4/4
   579 | D:1      | Reached XP level 2. HP: 26/26 MP: 5/5
  1333 | D:1      | Reached XP level 3. HP: 31/31 MP: 7/7
  1810 | D:2      | Reached skill level 1 in Invocations
  1819 | D:2      | Noticed Robin
  1837 | D:2      | Reached skill level 1 in Short Blades
  1837 | D:2      | Reached skill level 1 in Long Blades
  1837 | D:2      | Reached skill level 1 in Axes
  1837 | D:2      | Reached skill level 1 in Maces & Flails
  1837 | D:2      | Reached skill level 1 in Polearms
  1837 | D:2      | Reached skill level 1 in Staves
  1837 | D:2      | Reached skill level 1 in Slings
  1837 | D:2      | Reached skill level 1 in Bows
  1837 | D:2      | Reached skill level 1 in Throwing
  1837 | D:2      | Reached skill level 1 in Armour
  1837 | D:2      | Reached skill level 1 in Dodging
  1837 | D:2      | Reached skill level 1 in Stealth
  1837 | D:2      | Reached skill level 1 in Shields
  1837 | D:2      | Reached skill level 1 in Unarmed Combat
  1843 | D:2      | HP: 1/31 [adder (1)]
  1844 | D:2      | Succumbed to an adder's poison

Illustrated notes

Levels and vault maps discovered:
D:1:      dpeg_chamrin_arrival_tetris, layout_basic,
          chequers_serial_rivers_micro_a, minmay_gold_behind_fungi,
          grunt_decor_mini_mirrors, hangedman_decor_lopped
D:2:      layout_rooms, elyvilon_altar_5, serial_corexii_hall,
          corexii_hall_statues_l, corexii_hall_statues_l,
          chequers_serial_rivers_small_3, uniq_robin

Skill      XL: |  1  2  3 |
---------------+----------+-----
Invocations    | 1 |  1.0
Short Blades   | 1 |  1.0
Long Blades    | 1 |  1.0
Axes           | 1 |  1.0
Maces & Flails | 1 |  1.0
Polearms       | 1 |  1.0
Staves         | 1 |  1.0
Slings         | 1 |  1.0
Bows           | 1 |  1.0
Throwing       | 1 |  1.0
Armour         | 1 |  1.0
Dodging        | 1 |  1.0
Stealth        | 1 |  1.0
Shields        | 1 |  1.0
Unarmed Combat | 1 |  1.0
Fighting       | |  4.6
Crossbows      | |  6.5
Spellcasting   | |  2.9
Conjurations   | |  0.7
Hexes          | |  0.7
Summonings     | |  0.7
Necromancy     | |  0.7
Translocations | |  0.7
Transmutations | |  0.7
Fire Magic     | |  0.7
Ice Magic      | |  0.7
Air Magic      | |  0.7
Earth Magic    | |  3.8
Poison Magic   | |  0.7
Evocations     | |  4.6

Action                   || total
-------------------------++-------
Melee: Dagger            ||   191
       Bite              ||    28
       Hand axe          ||    32
Evoke: Wand              ||     1
  Use: Scroll            ||     4
Armor: Ring mail         ||   180
       Robe              ||     5
Dodge: Dodged            ||   198
